Map: Ulrena

Players

capac - Winner!

  • Race: Terran Terran
  • League: Gold

Thvarnox

  • Race: Terran Terran
  • League: Gold

VOD

Have the link to the VOD?

Description

Time

  • Played on: April 17, 2016, 10:41 a.m.
  • Length: 23:43
Show
View Real Time Build Order
Export as new Build Order

capac Terran - Winner!

Build Orders: Reaper Expand, MMM Bio 

Get SALT Encoding   

  12  0:02  SCV  
  13  0:14  SCV  
  13  0:19  Supply Depot  
  14  0:26  SCV  
  15  0:40  SCV  
  15  0:42  Barracks  
  16  0:46  Refinery  
  16  0:58  SCV  
  17  1:10  SCV  
  18  1:22  SCV  
  19  1:31  Reaper  
  20  1:34  Orbital Command  
  20  1:44  Command Center  
  20  1:52  Supply Depot  
  20  2:02  SCV  
  20  2:03  Marine  
  22  2:12  Factory  
  22  2:15  Refinery  
  22  2:18  SCV  
  23  2:31  Barracks Reactor  
  23  2:50  SCV  
  24  2:56  Barracks  
  24  2:57  Factory Tech Lab  
  24  2:58  Engineering Bay  
  24  3:02  SCV  
  24  3:04  Orbital Command  
  25  3:06  Bunker  
  25  3:08  Marine  
  25  3:10  Marine  
  27  3:15  SCV  
  28  3:25  Starport  
  28  3:34  Marine x2  
  28  3:44  SCV  
  28  3:47  Marine  
  30  3:49  Siege Tank  
  30  3:53  SCV  
  30  3:54  Marine  
  35  3:56  SCV  
  35  3:58  Marine  
  37  4:05  SCV  
  37  4:08  SCV, Medivac  
  41  4:10  Marine  
  42  4:17  Marine  
  42  4:18  Marine  
  42  4:19  SCV  
  45  4:28  Marine, Missile Turret  
  46  4:38  Supply Depot  
  46  4:41  Marine x2  
  47  4:59  Marine x2  
  50  5:03  Siege Tank  
  53  5:07  Supply Depot  
  53  5:08  Terran Infantry Weapons Level 1  
  53  5:10  Barracks Tech Lab  
  52  5:17  Marine  
  52  5:18  Command Center  
  52  5:21  Supply Depot  
  53  5:28  Starport Reactor  
  53  5:32  Marine x2  
  58  5:35  Siege Tank  
  58  5:38  SCV x2  
  60  5:50  Barracks  
  60  5:52  SCV x2  
  62  5:58  Marine x3  
  62  6:03  Stimpack  
  65  6:04  SCV x2  
  65  6:09  Refinery  
  67  6:15  Missile Turret  
  67  6:19  SCV  
  67  6:20  Marine x3, SCV  
  67  6:22  Siege Tank  
  75  6:29  Supply Depot  
  75  6:31  SCV  
  75  6:32  Orbital Command  
  76  6:38  Marine, Barracks Reactor  
  77  6:44  SCV x2  
  79  6:59  SCV x2  
  79  7:00  SCV  
  82  7:01  Missile Turret  
  82  7:06  Refinery, Marine x3  
  85  7:11  Viking, SCV x2  
  85  7:12  Viking, SCV  
  92  7:20  Starport  
  92  7:22  Marine x2  
  93  7:25  SCV x2  
  95  7:34  Missile Turret  
  95  7:43  Missile Turret  
  95  7:47  Viking  
  95  7:48  Viking  
  99  7:55  Marine x2  
  101  7:59  Starport  
  101  8:02  Marine x2  
  101  8:04  Supply Depot  
  101  8:05  Combat Shields  
  103  8:06  Missile Turret  
  103  8:08  Marine  
  103  8:11  Starport Reactor  
  104  8:12  Marine  
  104  8:13  Marine  
  104  8:14  SCV  
  104  8:15  SCV  
  108  8:20  Marine  
  108  8:26  Medivac x2  
  113  8:41  Starport Reactor  
  113  8:48  Marine x4  
  117  9:07  Supply Depot  
  117  9:09  Supply Depot  
  117  9:18  Liberator  
  117  9:19  Liberator  
  117  9:20  SCV  
  117  9:22  Viking, SCV  
  117  9:27  Viking, Siege Tank  
  117  9:28  Viking x2, Marine x4  
  117  9:30  Marine  
  131  9:39  Supply Depot  
  131  9:41  Supply Depot  
  131  9:55  Viking  
  133  10:00  Siege Tank, Medivac x2  
  133  10:02  Supply Depot  
  133  10:03  Supply Depot  
  140  10:12  Medivac  
  134  11:14  Liberator x2  
  116  11:30  Viking x2  
  124  11:57  Viking x2  
  124  11:58  SCV x2  
  130  12:02  Marine x5  
  135  12:19  Marine  
  132  12:29  Orbital Command  
  130  12:35  Viking x2  
  130  12:36  Viking x4  
  142  12:43  Marine x3  
  145  12:48  Liberator x3  
  145  12:59  Marine x2  
  145  13:00  Siege Tank  
  145  13:01  Marine x2  
  161  13:17  Refinery  
  161  13:18  Refinery  
  161  13:28  Marine x4  
  161  13:33  Supply Depot  
  165  13:35  Supply Depot  
  165  13:37  Armory  
  165  13:39  Armory  
  165  13:49  Liberator  
  165  13:55  Siege Tank  
  171  14:18  Command Center  
  171  14:27  Siege Tank  
  171  14:30  Medivac x2  
  171  14:47  Liberator x3  
  171  14:59  Siege Tank  
  177  15:25  Viking x2  
  181  15:30  Viking  
  181  15:33  Liberator  
  174  15:47  Viking  
  147  17:02  Liberator x2  
  147  17:03  Liberator x3  
  147  17:15  Marine x5  
  152  17:31  Terran Ship Weapons Level 1  
  152  17:33  Factory, Marine x5  
  144  17:49  Refinery  
  144  17:54  Planetary Fortress  
  144  17:55  Refinery  
  144  17:59  Terran Infantry Weapons Level 2  
  144  18:08  Barracks  
  144  18:11  Barracks  
  144  18:32  Marine x5  
  147  18:39  Factory Tech Lab  
  147  18:50  Marine x5  
  152  18:59  Marine  
  152  19:00  Marine  
  154  19:05  Siege Tank x2  
  154  19:07  Marine  
  154  19:08  Marine x4  
  155  19:17  Marine  
  150  19:28  Marine  
  150  19:29  Marine x3  
  134  19:32  Medivac x5  
  135  19:58  Liberator x4  
  135  19:59  Liberator  
  129  20:04  Marine x5  
  129  20:05  Marine x2  
  132  20:22  Marine  
  133  20:54  Marine x4  
  133  20:56  Barracks Reactor  
  137  21:02  Orbital Command  
  137  21:09  Liberator, Barracks Reactor  
  137  21:15  Missile Turret  
  137  21:23  Marine x5  
  137  21:25  Siege Tank x2  
  151  21:40  Marine  
  143  22:34  Marine  
  143  22:35  Marine x3  
  113  23:40  Command Center  
Show
View Real Time Build Order
Export as new Build Order

Thvarnox Terran 

Build Orders:  

Get SALT Encoding   

  12  0:01  SCV  
  13  0:13  SCV  
  14  0:17  Supply Depot  
  14  0:25  SCV  
  15  0:39  SCV  
  15  0:40  Barracks  
  16  0:49  Supply Depot  
  16  0:51  SCV  
  17  1:00  Refinery  
  17  1:03  SCV  
  18  1:09  Refinery  
  18  1:15  SCV  
  19  1:27  Marine, Orbital Command  
  20  1:47  Factory  
  20  1:49  Marine  
  20  1:53  SCV  
  22  1:56  Supply Depot  
  22  2:05  SCV  
  22  2:06  Marine  
  24  2:17  SCV  
  25  2:24  Marine  
  25  2:29  SCV  
  27  2:31  Starport  
  26  2:43  Marine  
  27  2:49  Factory Tech Lab  
  27  2:50  SCV  
  28  2:54  Factory  
  28  3:00  Marine  
  28  3:02  SCV  
  30  3:07  Supply Depot  
  30  3:08  Hellion  
  32  3:14  SCV  
  32  3:16  Infernal Pre-Igniter  
  33  3:21  Marine  
  33  3:25  Starport Reactor  
  34  3:29  Hellion  
  36  3:38  Hellion  
  39  3:42  Marine  
  39  3:48  Engineering Bay  
  39  3:51  Hellion  
  41  4:12  Hellion x3  
  47  4:19  Supply Depot  
  47  4:22  Supply Depot  
  47  4:24  Missile Turret  
  47  4:27  Supply Depot  
  47  4:41  Hellion x3  
  47  4:45  SCV  
  40  5:01  Starport Tech Lab  
  40  5:02  SCV  
  40  5:03  Hellion x2  
  40  5:05  Marine  
  46  5:20  Command Center  
  46  5:30  Raven  
  46  5:34  Siege Tank  
  51  5:39  Supply Depot  
  51  5:40  Factory Tech Lab  
  51  5:47  Starport  
  51  5:53  Missile Turret  
  51  5:58  SCV  
  51  6:02  Siege Tank  
  55  6:17  Raven  
  57  6:24  SCV  
  58  6:33  Orbital Command  
  58  6:36  SCV  
  58  6:37  Refinery  
  58  6:38  Refinery  
  58  6:39  Viking  
  61  6:48  SCV  
  61  6:53  Siege Tank  
  65  6:55  Siege Tank  
  65  6:59  SCV  
  69  7:20  SCV x2  
  71  7:25  Siege Tank  
  77  7:30  Siege Tank  
  77  7:33  Command Center  
  77  7:35  Viking  
  79  7:47  SCV  
  79  7:48  SCV  
  81  7:54  Supply Depot  
  81  7:57  Siege Tank  
  84  7:59  Armory  
  84  8:00  Supply Depot  
  84  8:07  Siege Tank  
  87  8:29  Siege Tank  
  87  8:30  Viking  
  92  8:39  Siege Tank  
  92  8:41  Viking x2  
  99  8:45  SCV x2  
  101  8:51  Supply Depot  
  101  8:54  Planetary Fortress  
  101  9:15  Refinery  
  91  9:31  Viking  
  91  9:32  Viking  
  95  9:40  SCV  
  95  9:45  Refinery  
  96  9:51  Siege Tank x2  
  102  9:59  Command Center  
  102  10:23  Siege Tank x2  
  106  10:39  Viking x2  
  104  10:49  Viking  
  102  10:55  Siege Tank x2  
  108  10:58  SCV x2  
  108  11:03  SCV  
  111  11:09  Viking x2  
  115  11:15  SCV  
  95  11:27  Siege Tank, SCV  
  99  11:38  Viking  
  99  11:39  Viking x2, SCV  
  101  11:48  Terran Vehicle Weapons Level 1  
  101  11:51  SCV  
  101  11:52  Siege Tank  
  105  11:58  Supply Depot  
  105  11:59  Siege Tank, Planetary Fortress  
  108  12:03  SCV  
  108  12:05  Refinery  
  108  12:06  Refinery  
  109  12:08  Viking  
  109  12:09  Viking  
  109  12:15  SCV  
  111  12:17  Viking  
  107  12:27  SCV  
  87  12:38  Viking  
  87  12:39  Viking, SCV  
  89  12:46  Siege Tank x2  
  89  12:47  Viking  
  97  12:56  SCV  
  98  13:01  Factory  
  96  13:08  Viking, SCV  
  96  13:09  Viking  
  101  13:16  Viking  
  101  13:17  Factory  
  104  13:20  Factory, SCV x2  
  104  13:21  Factory  
  104  13:25  Siege Tank x2  
  111  13:27  SCV  
  111  13:30  Supply Depot  
  111  13:31  Supply Depot  
  111  13:32  SCV  
  113  13:36  Supply Depot  
  113  13:38  Viking  
  113  13:39  Viking  
  113  13:40  SCV  
  118  13:47  Factory Tech Lab  
  118  13:52  SCV  
  119  13:58  Siege Tank x2  
  119  14:02  Factory Tech Lab  
  125  14:03  Factory Tech Lab, Command Center  
  125  14:04  SCV  
  126  14:16  Siege Tank  
  126  14:17  SCV  
  130  14:19  Viking x2  
  130  14:20  Viking  
  130  14:24  Terran Vehicle Weapons Level 2  
  136  14:28  Siege Tank  
  136  14:29  SCV  
  136  14:30  Siege Tank x2  
  130  14:49  Viking x3  
  125  14:54  Missile Turret x2  
  125  14:55  Missile Turret  
  110  15:01  Missile Turret  
  110  15:02  Missile Turret  
  81  15:18  SCV x2  
  81  15:19  Viking x2  
  83  15:35  Viking  
  85  15:49  Viking  
  85  15:50  Viking  
  85  15:52  Thor x2  
  96  16:04  Thor  
  96  16:05  Viking  
  96  16:06  Siege Tank x2  
  104  16:12  SCV  
  104  16:14  Planetary Fortress  
  105  16:24  SCV  
  106  16:35  Siege Tank  
  106  16:37  SCV  
  110  16:47  Siege Tank  
  110  16:49  SCV  
  97  17:02  Thor  
  97  17:03  Hellbat  
  103  17:32  Thor  
  103  17:33  Thor  
  121  17:42  Viking  
  121  17:43  Viking  
  125  17:45  Thor x2  
  131  17:59  Viking  
  133  18:12  Viking  
  133  18:13  Viking, Refinery  
  137  18:21  SCV  
  138  18:30  Thor  
  138  18:33  SCV  
  151  18:39  Thor  
  151  18:45  SCV  
  151  18:48  Siege Tank x2  
  159  18:55  SCV  
  159  18:56  Missile Turret  
  159  18:57  SCV  
  160  19:07  SCV  
  160  19:09  SCV  
  158  19:20  SCV  
  159  19:31  Siege Tank x4  
  171  19:32  SCV  
  172  19:44  SCV  
  138  20:02  Thor  
  138  20:05  Viking x2  
  122  20:17  Viking  
  122  20:27  Missile Turret x2  
  122  20:30  Missile Turret x2  
  122  20:34  Viking, Missile Turret x2  
  122  20:35  Viking, Missile Turret  
  126  20:37  Missile Turret  
  126  20:40  Factory  
  126  20:42  Refinery  
  126  20:43  Missile Turret  
  126  20:44  Missile Turret  
  126  20:45  Missile Turret  
  126  20:46  Missile Turret x3  
  126  20:50  Missile Turret  
  126  20:51  Siege Tank x2  
  126  20:53  Viking  
  134  21:03  Siege Tank  
  137  21:13  Siege Tank  
  140  21:22  Viking  
  142  21:31  Missile Turret  
  142  21:33  Missile Turret  
  142  21:34  Missile Turret  
  142  21:35  Thor  
  145  22:31  Orbital Command  
  135  23:01  Viking x3  
Tags
 
Composition
MMM Bio
League
GoldGold
Matchup
TvT
Race
Terran
Add a new tag
Caveats
  • Supply blocks, unpowered buildings, or Contaminate may cause inaccurate times.
  • Supply counts are checked every 10 seconds.